 Dungeon Crawl Stone Soup version 0.20-a0-792-g09bcfd3 (webtiles) character file.

202 Dharzhak the Skirmisher (level 5, -1/47 HPs)
             Began as a Hill Orc Fighter on Feb 28, 2017.
             Killed by divine providence
             ... invoked by an orc priest
              (16 damage)
             ... on level 3 of the Dungeon.
             The game lasted 00:08:49 (2901 turns).

Dharzhak the Skirmisher (Hill Orc Fighter)          Turns: 2901, Time: 00:08:49

Health: -1/47      AC: 10    Str: 19    XL:     5   Next: 80%
Magic:  6/6        EV:  5    Int:  8    God:
Gold:   191        SH:  9    Dex: 11    Spells: 4/4 levels left

rFire    . . .     SeeInvis .   a - +0 war axe
rCold    . . .     Gourm    .   x - +0 chain mail
rNeg     . . .     Faith    .   c - +0 shield
rPois    .         Spirit   .   e - +1 hat
rElec    .         Reflect  .   (no cloak)
rCorr    .         Harm     .   (no gloves)
MR       .....                  (no boots)
Stlth    ..........             i - amulet of rage
Regen    0.2/turn               (no ring)
MPRegen  0.1/turn               (no ring)

@: no status effects
A: no striking features
a: Convert to Beogh, Evoke Berserk Rage


You were on level 3 of the Dungeon.
You were not hungry.

You visited 1 branch of the dungeon, and saw 3 of its levels.

You collected 191 gold pieces.

Inventory:

Hand Weapons
 a - a +0 war axe (weapon)
Armour
 c - a +0 shield (worn)
 e - a +1 hat (worn)
 x - a +0 chain mail (worn)
Jewellery
 i - an amulet of rage (around neck)
Wands
 u - a wand of polymorph (14/24)
Scrolls
 b - 2 scrolls of fear {unknown}
 g - 2 scrolls of remove curse {unknown}
 j - 2 scrolls of enchant weapon {unknown}
 m - a scroll of recharging {unknown}
 p - 2 scrolls of teleportation {unknown}
 q - a scroll of fog {unknown}
 r - a scroll of amnesia {unknown}
 v - 2 scrolls of enchant armour {unknown}
 y - a scroll of identify {unknown}
Potions
 d - a potion of might
 k - 2 potions of mutation {unknown}
 l - a potion of haste {unknown}
 o - 2 potions of curing
 w - a potion of degeneration {unknown}
Comestibles
 f - a bread ration
 h - 4 meat rations
 n - 3 fruits
 s - 7 chunks of flesh
 t - a royal jelly


   Skills:
 * Level 4.7 Fighting
 * Level 4.5 Axes
 * Level 4.2 Armour
 * Level 0.7 Dodging
 * Level 4.0 Shields
 * Level 1.6 Evocations


You had 4 spell levels left.
You didn't know any spells.

Dungeon Overview and Level Annotations

Branches:
Dungeon (3/15)

Altars:
Dithmenos
Nemelex Xobeh
Ru
Sif Muna


Message History

a flail; 15 stones; a hunting sling; a worm corpse; an orc corpse Your shield and chain mail prevent you from hitting the rat.
You hit the quokka.
You kill the quokka!
The rat bites you but does no damage. You block the rat's attack.
Your shield prevents you from hitting the rat.
The orc priest shouts, "Join the one true god or die!"
You hit the orc priest but do no damage.
You block the orc priest's attack. The rat bites you but does no damage.
Unknown command.
You closely miss the rat. You hit the orc priest.
You block the orc priest's attack. You block the rat's attack.
You hit the rat but do no damage. You barely miss the orc priest.
You block the rat's attack.
The orc priest hits you but does no damage.
You block the rat's attack.
You barely miss the rat. You hit the orc priest.
The orc priest invokes the aid of Beogh against you.
Beogh smites you!
You die...

#.. ### #.# %.## #.#
...#r. #.#
oo[#..#####.# ###
g[##....>...# #
##.###)# .........# #.
#..o'.# #.......#
#..##@###'.?$##..##...
#...#r#.#...(.#..#..##
#.....#K(r..#....##
####..#5..)(#..###
#..##$$?##..#
#.#.#####...#
#......).#..####
###.##.........#
#.##.........#


You could see an orc priest and a rat.

Vanquished Creatures
  An orc priest (D:3)
  Ijyb (D:2)
  4 adders
  A shadow imp (D:3)
  An ooze (D:1)
  3 worms
  A dart slug (D:2)
  3 leopard geckos
  9 orcs (D:3)
  5 giant cockroaches
  7 goblins
  6 hobgoblins
  2 jackals (D:1)
  4 quokkas (D:3)
  14 bats
  4 frilled lizards
  9 kobolds
  11 rats
86 creatures vanquished.

Notes
Turn   | Place    | Note
-------+----------+-------------------------------------------
     0 | D:1      | Dharzhak the Hill Orc Fighter began the quest for the Orb.
     0 | D:1      | Reached XP level 1. HP: 19/19 MP: 1/1
   397 | D:1      | Reached XP level 2. HP: 27/27 MP: 2/2
   726 | D:1      | Reached XP level 3. HP: 27/33 MP: 3/3
   743 | D:1      | Found a sparkling altar of Nemelex Xobeh.
  1621 | D:2      | Found a sacrificial altar of Ru.
  1745 | D:2      | Found a shadowy altar of Dithmenos.
  1849 | D:2      | Noticed Ijyb
  1885 | D:2      | Killed Ijyb
  1885 | D:2      | Reached skill level 1 in Evocations
  1885 | D:2      | Reached XP level 4. HP: 39/40 MP: 4/4
  2054 | D:2      | Found a deep blue altar of Sif Muna.
  2279 | D:3      | Reached XP level 5. HP: 39/46 MP: 5/5
  2901 | D:3      | Killed from afar by an orc priest

Vault maps used:
D:1:      onia_arrival_mini_spirals, serial_park_tiny_1, minmay_misc_feat_iff,
          nemelex_xobeh_ov_fountains_minmay
D:2:      lemuel_round_altar, lemuel_blue_sif_altar, nicolae_ru_awakened_eye,
          uniq_iyjb
D:3:      roderic_batcave, minmay_joined_circles

Skill      XL: |  1  2  3  4  5 |
---------------+----------------+-----
Axes           | 3 4 |  4.5
Fighting       | 4 |  4.7
Armour         | 4 |  4.2
Evocations     | 1 |  1.6
Shields        | 4 |  4.0
Dodging        | |  0.7

Action                   |  1- 3 |  4- 6 || total
-------------------------+-------+-------++-------
Melee: War axe           |   140 |   185 ||   325
  Eat: Chunk             |     3 |     4 ||     7
Armor: Scale mail        |    69 |    16 ||    85
       Chain mail        |       |   147 ||   147
Dodge: Dodged            |    47 |    69 ||   116
Block: Shield            |    64 |   149 ||   213
